 Dungeon Sprint DCSS version 0.20.1-1-g8b1a95d (webtiles) character file.

59 potatolord6000 the Ducker (level 3, -5/28 HPs)
             Began as a Felid Monk on Sept 11, 2017.
             Was a Believer of Ru.
             Impaled on a porcupine's spines (15 damage)
             ... in the Dungeon (Sprint VII: "The Pits").
             The game lasted 00:02:37 (581 turns).

potatolord6000 the Ducker (Felid Monk)               Turns: 581, Time: 00:02:37

Health: -5/28      AC:  1    Str: 13    XL:     3   Next: 78%
Magic:  4/4        EV: 23    Int: 11    God:    Ru [**....]
Gold:   0          SH:  0    Dex: 18    Spells: 2/2 levels left
                                        Lives:  0   Deaths: 1

rFire    . . .     SeeInvis +     - Unarmed
rCold    . . .     Gourm    .   (shield unavailable)
rNeg     . . .     Faith    .   (armour unavailable)
rPois    .         Spirit   .   (helmet unavailable)
rElec    .         Reflect  .   (cloak unavailable)
rCorr    .         Harm     .   (gloves unavailable)
MR       .....     NoTele   +   (boots unavailable)
Stlth    ..........             (no amulet)
Regen    0.1/turn               (no ring)
MPRegen  0.1/turn               (no ring)

@: berserking, very slightly contaminated, invisible, very quick
A: no armour, no weapons or thrown items, stealth, claws 1, fangs 3, see
invisible, carnivore 3, speed 1, shaggy fur 1, slow metabolism 1, inability to
use devices, sharp paws
a: Renounce Religion


You were in the Dungeon.
You worshipped Ru.
Ru was pleased with you.
You were not hungry.

You visited 1 branch

Inventory:

Scrolls
 g - a scroll of blinking
 i - 3 scrolls of remove curse
 j - 5 scrolls of amnesia
 k - a scroll of summoning
Potions
 e - 4 potions of magic
 f - a potion of berserk rage
 h - a potion of invisibility
Comestibles
 a - 7 meat rations


   Skills:
 + Level 5.6 Fighting
 + Level 7.4 Dodging
 + Level 7.2 Stealth
 + Level 5.5 Unarmed Combat


You had 2 spell levels left.
You didn't know any spells.

Dungeon Overview and Level Annotations

Branches:
Dungeon (1/1)

Altars:
Ashenzari
Cheibriados
Dithmenos
Elyvilon
Fedhas
Gozag
Hepliaklqana
Kikubaaqudgha
Makhleb
Nemelex Xobeh
Okawaru
Qazlal
Ru
Sif Muna
Trog
Uskayaw
Vehumet
Xom
Yredelemnul
Zin
The Shining One
Beogh
Jiyva
Lugonu


Innate Abilities, Weirdness & Mutations

You cannot wear armour.
You are incapable of wielding weapons or throwing items.
Your paws allow you to move quietly. (Stealth)
You have sharp claws.
You have razor-sharp teeth.
You have supernaturally acute eyesight. (SInv)
You are carnivorous and can eat meat at any time.
You cover ground quickly.
You are covered in fur. (AC +1)
You have a slow metabolism.
You cannot study or use magical devices.
Your sharp claws are effective at attacking unaware monsters.


Message History

You are struck by the porcupine's spines.
Ouch! That really hurt!
You closely miss the porcupine.
The porcupine is severely wounded.
The porcupine completely misses you.
You scratch the porcupine.
The porcupine is severely wounded.
A red film seems to cover your vision as you go berserk!
You feel yourself moving faster!
You feel mighty!
You feel a strong urge to attack something.
You barely miss the porcupine.
The porcupine is heavily wounded.
Unknown command.
You closely miss the porcupine.
The porcupine is heavily wounded.
The porcupine bites you.
Unknown command.
You are struck by the porcupine's spines.
Ouch! That really hurt!
You die...

________.# ________.#
_.____...###########++###
########'##..............
?(.')))'.##......#..#....
########.##..............
..........'†........... .
#####'#####......#..#....
#..#...'h##.....@r.......
#..#...#.#####†#####++###
#..#####.##.......#
#..'o..#h##.......#
#..'.†.†.##...†...#
#.(########...<...# #..+
#.......# #..# #.......#
#### #.......#


You could see a porcupine.

Vanquished Creatures
  A floating eye (D)
  An adder (D)
  2 leopard geckos (D)
  A bat (D)
  5 jackals (D)
10 creatures vanquished.

Vanquished Creatures (others)
  A jackal (D)
1 creature vanquished.

Grand Total: 11 creatures vanquished

Notes
Turn   | Place    | Note
-------+----------+-------------------------------------------
     0 | D        | potatolord6000 the Felid Monk began the quest for the Orb.
     0 | D        | Reached XP level 1. HP: 10/10 MP: 2/2
    20 | D        | Found a bloodstained altar of Trog.
    20 | D        | Found a deep blue altar of Sif Muna.
    20 | D        | Found a viscous altar of Jiyva.
    20 | D        | Found a hazy altar of Hepliaklqana.
    20 | D        | Found an opulent altar of Gozag.
    44 | D        | Found a glowing golden altar of the Shining One.
    44 | D        | Found a glowing silver altar of Zin.
    44 | D        | Found a basalt altar of Yredelemnul.
    44 | D        | Found a shimmering altar of Xom.
    44 | D        | Found a sacrificial altar of Ru.
    44 | D        | Found a stormy altar of Qazlal.
    44 | D        | Found an iron altar of Okawaru.
    44 | D        | Found a sparkling altar of Nemelex Xobeh.
    44 | D        | Found a burning altar of Makhleb.
    44 | D        | Found a blossoming altar of Fedhas.
    44 | D        | Found a white marble altar of Elyvilon.
    44 | D        | Found a shadowy altar of Dithmenos.
    44 | D        | Found a snail-covered altar of Cheibriados.
    46 | D        | Found a radiant altar of Vehumet.
    46 | D        | Found a corrupted altar of Lugonu.
    46 | D        | Found a roughly hewn altar of Beogh.
    48 | D        | Found an ancient bone altar of Kikubaaqudgha.
    48 | D        | Found a hide-covered altar of Uskayaw.
    48 | D        | Found a shattered altar of Ashenzari.
    68 | D        | Became a worshipper of Ru the Awakened
    80 | D        | Noticed a floating eye
    87 | D        | Paralysed by a floating eye for 3 turns
    91 | D        | Paralysed by a floating eye for 3 turns
    94 | D        | Reached XP level 2. HP: 6/15 MP: 3/3
    99 | D        | Killed a floating eye
    99 | D        | Reached skill level 5 in Fighting
    99 | D        | Reached skill level 5 in Unarmed Combat
    99 | D        | Reached XP level 3. HP: 7/19 MP: 4/4
    99 | D        | Reached XP level 4. HP: 8/23 MP: 5/5
   512 | D        | Gained mutation: You cannot study or use magical devices. [Ru sacrifice]
   512 | D        | Reached * piety under Ru
   512 | D        | Reached ** piety under Ru
   515 | D        | Noticed a porcupine
   545 | D        | Impaled on a porcupine's spines
   546 | D        | Reached XP level 3. HP: 1/28 MP: 4/4
   581 | D        | Impaled on a porcupine's spines

Skill      XL: |  1  2 |
---------------+-------+-----
Stealth        | 4 7 |  7.2
Fighting       | 5 |  5.6
Dodging        | 7 |  7.4
Unarmed Combat | 5 |  5.5

Action                   |  1- 3 |  4- 6 || total
-------------------------+-------+-------++-------
Melee: Unarmed           |    22 |    26 ||    48
       Bite              |     2 |     3 ||     5
       Punch             |       |     1 ||     1
Invok: Sacrifice Artific |       |     1 ||     1
  Use: Potion            |     5 |     1 ||     6
 Stab: Sleeping          |     1 |       ||     1
       Invisible         |     1 |       ||     1
       Distracted        |       |     2 ||     2
  Eat: Meat ration       |       |     1 ||     1
Armor: Skin              |     2 |    11 ||    13
Dodge: Dodged            |    22 |    65 ||    87
